 Dungeon Crawl Stone Soup version 0.21-a0-155-gb8a8bae (webtiles) character file.

64 Goblin1989 the Skirmisher (level 3, -10/30 HPs)
             Began as a Demonspawn Assassin on Aug 3, 2017.
             Mangled by a gnoll
             ... wielding a +0 spear
              (12 damage)
             ... on level 2 of the Dungeon.
             The game lasted 00:05:06 (1971 turns).

Goblin1989 the Skirmisher (Demonspawn Assassin)     Turns: 1971, Time: 00:05:07

Health: -10/30     AC:  3    Str: 12    XL:     3   Next: 91%
Magic:  3/3        EV: 11    Int: 12    God:    Xom [..*...]
Gold:   79         SH:  0    Dex: 14    Spells: 2/2 levels left

rFire    . . .     SeeInvis .   a - +2 dagger
rCold    . . .     Gourm    .   (no shield)
rNeg     . . .     Faith    .   c - +0 robe
rPois    .         Spirit   .   (no helmet)
rElec    .         Reflect  .   d - +0 cloak
rCorr    .         Harm     .   (no gloves)
MR       .....                  (no boots)
Stlth    ++........             (no amulet)
HPRegen  0.10/turn              (no ring)
MPRegen  0.08/turn              (no ring)

@: no status effects
A: powered by death 2
a: Renounce Religion


You were on level 2 of the Dungeon.
You worshipped Xom.
You were a toy of Xom.
You were not hungry.

You visited 1 branch of the dungeon, and saw 2 of its levels.

You collected 79 gold pieces.

Inventory:

Hand Weapons
 a - a +2 dagger (weapon)
 w - a +0 blowgun {@w1}
 B - a +0 whip
 K - a +0 war axe
 M - a +1 hunting sling of flaming
Missiles
 f - 2 curare-tipped needles
 g - 21 poisoned needles
 N - 42 stones (quivered)
Armour
 c - a +0 robe (worn)
 d - a +0 cloak (worn)
Scrolls
 y - 2 scrolls of teleportation {unknown}
 z - a scroll of amnesia {unknown}
 A - a scroll of random uselessness {unknown}
 D - 3 scrolls of identify {unknown}
 G - a scroll of enchant weapon {unknown}
 L - a scroll of enchant armour {unknown}
 O - a scroll of blinking {unknown}
 P - 2 scrolls of remove curse {unknown}
Potions
 F - 2 potions of might {unknown}
 I - a potion of cancellation {unknown}
 J - a potion of curing {unknown}
Comestibles
 e - 3 bread rations {@e1}
 E - 2 meat rations {@e2}
 H - a chunk of flesh


   Skills:
 + Level 4.2 Fighting
 - Level 1.7 Short Blades
 - Level 1.7 Throwing
 - Level 0.8 Dodging
 - Level 3.6 Stealth


You had 2 spell levels left.
You didn't know any spells.

Dungeon Overview and Level Annotations

Branches:
Dungeon (2/15)

Altars:
Gozag
Makhleb
Okawaru
Xom

Annotations:
D:2 1 runed door


Innate Abilities, Weirdness & Mutations

You regenerate health from kills.


Message History

The bat hits you but does no damage.
You hit the bat.
The bat is moderately wounded.
The bat hits you but does no damage.
You barely miss the bat.
The bat is moderately wounded.
The bat barely misses you.
Your unstable footing causes you to fumble your attack.
The bat hits you but does no damage.
Your unstable footing causes you to fumble your attack.
The bat hits you.
You take 1 damage, and have 29/30 hp.
You closely miss the bat.
The bat is moderately wounded.
The bat hits you but does no damage.
You hit the bat.
You kill the bat!
Health restored: 30 No target in view!
No target in view!
No target in view!
No target in view!
No target in view!
No target in view!
No target in view!
No target in view!
No target in view!
No target in view!
No target in view!
No target in view!
No target in view!
No target in view!
No target in view!
No target in view!
No target in view!
No target in view!
No target in view!
P - 2 scrolls labeled KUISASUEC (gained 1)
You enter the shallow water.
Moving in this stuff is going to be slow.
A gnoll comes into view.
The gnoll shouts!
The gnoll moves out of view.
A gnoll comes into view. It is wielding a spear.
The gnoll hits you.
A gnoll comes into view. It is wielding a flail.
You take 1 damage, and have 29/30 hp.
The gnoll shouts! x2
You hit the gnoll.
The gnoll is lightly wounded.
The gnoll hits you.
The gnoll moves out of view.
You take 1 damage, and have 28/30 hp.
You hit the gnoll but do no damage.
The gnoll is lightly wounded.
The gnoll closely misses you.
You hit the gnoll but do no damage.
The gnoll is lightly wounded.
The gnoll closely misses you. x2
You barely miss the gnoll.
The gnoll is lightly wounded.
The gnoll barely misses you. x2
You hit the gnoll.
The gnoll is moderately wounded.
The gnoll hits you from afar with a spear.
The gnoll misses you.
You take 3 damage, and have 25/30 hp.
You closely miss the gnoll.
The gnoll is moderately wounded.
The gnoll hits you with a flail! The gnoll closely misses you.
The gnoll hits you!
* * * LOW HITPOINT WARNING * * *
You take 16 damage, and have 9/30 hp.
MASSIVE DAMAGE!!
You are too injured to fight recklessly!
You are too injured to fight recklessly!
You are too injured to fight recklessly!
You are too injured to fight recklessly!
You are too injured to fight recklessly!
You are too injured to fight recklessly!
You are too injured to fight recklessly!
You are too injured to fight recklessly!
You are too injured to fight recklessly!
You are too injured to fight recklessly!
You are too injured to fight recklessly!
You barely miss the gnoll. The gnoll barely misses you.
The gnoll hits you from afar with a spear!
* * * LOW HITPOINT WARNING * * *
The gnoll hits you but does no damage.
You take 7 damage, and have 2/30 hp.
MASSIVE DAMAGE!!
Unknown command.
Xom's power touches on your mind for a moment.
The gnoll looks rather confused. x3; The gnoll seems less confused.
The gnoll barely misses you.
The gnoll barely misses the gnoll.
You hit the gnoll but do no damage. The gnoll closely misses you.
You hit the gnoll.
The gnoll is moderately wounded.
Xom smirks.
You detect items!
The gnoll seems less confused.
The gnoll hits you with a spear!
You die...
Xom chortles! ≈≈..█......█ . ███.█ █████ ≈≈.███....███≈.. ██ █...█ ██...█ ≈≈≈≈█......█≈≈P.██. █████

█.....
≈≈≈≈........≈≈≈P..P ██
█....█
≈≈≈≈█......█≈≈≈≈.. █.
█....█
≈≈.███....███.≈≈.P .█
♣....♣
≈≈≈≈█......█≈≈≈≈g██.█
♣♣...♣
≈≈≈≈........≈≈≈ggP.██
♣♣.♣♣
≈≈≈≈█......█≈≈≈P@..!██
♣♣.♣
≈≈.███....███.≈≈..██.█
♣.♣♣
.≈≈≈█......█≈≈≈≈P...P█
♣♣.♣
█.≈≈........≈≈≈≈≈.P..█
♣.♣♣
.≈≈≈█......█≈≈≈≈P██..███
█▲█
.█≈███....███≈≈....███.█
█.≈.█......█≈≈P..███ █.█
██≈≈.......≈≈..███ █.█ ∆
██≈≈..)...≈.███ █.█


You could see 3 gnolls.

Vanquished Creatures
  An adder (D:2)
  An ooze (D:1)
  3 dart slugs
  3 leopard geckos
  3 giant cockroaches
  6 goblins
  3 hobgoblins
  4 jackals (D:2)
  3 kobolds (D:1)
  8 bats
  A frilled lizard (D:2)
  6 rats
42 creatures vanquished.

Notes
Turn   | Place    | Note
-------+----------+-------------------------------------------
     0 | D:1      | Goblin1989 the Demonspawn Assassin began the quest for the Orb.
     0 | D:1      | Reached XP level 1. HP: 16/16 MP: 1/1
   203 | D:1      | Gained mutation: You regenerate a little health from kills. [demonic ancestry]
   203 | D:1      | Reached XP level 2. HP: 21/23 MP: 2/2
   274 | D:1      | Reached skill level 3 in Fighting
   672 | D:1      | Gained mutation: You regenerate health from kills. [demonic ancestry]
   672 | D:1      | Reached XP level 3. HP: 18/29 MP: 3/3
  1211 | D:2      | Found a faded altar of an unknown god.
  1238 | D:2      | Became a worshipper of Xom of Chaos
  1281 | D:2      | Reached skill level 4 in Fighting
  1469 | D:2      | Found a burning altar of Makhleb.
  1478 | D:2      | Found an opulent altar of Gozag.
  1505 | D:2      | Found a runed door.
  1620 | D:2      | Found an iron altar of Okawaru.
  1629 | D:2      | XOM: harmless Pois miscast
  1969 | D:2      | XOM: confuse monster(s)
  1971 | D:2      | XOM: divination: detect items
  1971 | D:2      | Mangled by a gnoll

Vault maps used:
D:1:      dpeg_arrival_water_altar
D:2:      wad_lake_hut, lemuel_crystal_altar, lemuel_crystal_altar,
          old_standard_altar, chequers_ecumenical_altar_grove,
          uniq_crazy_yiuf_cottage

Skill      XL: |  1  2  3 |
---------------+----------+-----
Fighting       | 3 4 |  4.2
Short Blades   | |  1.7
Throwing       | |  1.7
Dodging        | |  0.8
Stealth        | |  3.6

Action                   || total
-------------------------++-------
Melee: Dagger            ||   139
 Stab: Sleeping          ||     9
  Eat: Chunk             ||     3
Armor: Robe              ||    32
Dodge: Dodged            ||    69

Vault maps used:
D:1:      dpeg_arrival_water_altar
D:2:      wad_lake_hut, lemuel_crystal_altar, lemuel_crystal_altar,
          old_standard_altar, chequers_ecumenical_altar_grove,
          uniq_crazy_yiuf_cottage
